 Seeded DCSS version 0.30.1-9-gdf580d7c3d (webtiles) character file.

Game seed: 6351066067085065685 (custom seed)

444 Esekla the Magician (level 6, -2/32 HPs)
             Began as a Deep Elf Wanderer on Oct 22, 2023.
             Was a Believer of Vehumet.
             Slain by an iguana (10 damage)
             ... on level 5 of the Dungeon.
             The game lasted 00:23:48 (3081 turns).

Esekla the Magician (Deep Elf Wanderer)             Turns: 3081, Time: 00:23:48

Health: -2/32      AC:  4    Str: 11    XL:     6   Next: 72%
Magic:  1/17       EV: 12    Int: 20    God:    Vehumet [**....]
Gold:   225        SH:  4    Dex: 14    Spells: 6/18 levels left

rFire   . . .        s - +5 rapier of the Hero {heavy, rN+ Dex+3}
rCold   . . .        d - +0 buckler
rNeg    + . .        c - +0 robe
rPois   .            m - +0 helmet
rElec   .            (no cloak)
rCorr   .            l - +0 pair of gloves
SInv    .            (no boots)
Will    .....        (no amulet)
Stlth   ++           (no ring)
HPRegen 0.25/turn    (no ring)
MPRegen 0.15/turn

%: no passive effects
@: lethally poisoned (-2 -> -3), very slightly contaminated
A: no striking features
a: Renounce Religion


You were on level 5 of the Dungeon.
You worshipped Vehumet.
Vehumet was pleased with you.
You visited 1 branch of the dungeon, and saw 5 of its levels.

You collected 225 gold pieces.

Inventory:

Hand Weapons
 a - a +2 vampiric dagger
 r - a +0 spear
 s - the +5 rapier of the Hero (weapon) {heavy, rN+ Dex+3}
   (You found it on level 3 of the Dungeon)

   Dex:       It affects your dexterity (+3).
   rN:        It protects you from negative energy.
Missiles
 w - 7 poisoned darts (quivered)
Armour
 c - a +0 robe (worn)
 d - a +0 buckler (worn)
 l - a +0 pair of gloves (worn)
 m - a +0 helmet (worn)
Jewellery
 A - an amulet of magic regeneration
Wands
 i - a wand of roots (16)
Scrolls
 g - 3 scrolls of identify {unknown}
 o - a scroll of enchant armour {unknown}
 p - a scroll of amnesia {unknown}
 q - a scroll of immolation {unknown}
 t - 2 scrolls of fog {unknown}
 v - a scroll of blinking {unknown}
 x - 3 scrolls of enchant weapon {unknown}
 y - a scroll of silence {unknown}
 z - a scroll of magic mapping {unknown}
 B - a scroll of fear
Potions
 b - 2 potions of lignification
 e - a potion of ambrosia {unknown}
 f - 2 potions of attraction {unknown}
 h - a potion of heal wounds {unknown}
 j - 2 potions of curing
 k - a potion of haste {unknown}
 n - a potion of mutation {unknown}
 u - 3 potions of brilliance {unknown}


   Skills:
 + Level 1.9 Short Blades
 + Level 0.4 Throwing
 * Level 2.4 Dodging
 + Level 1.6 Stealth
 + Level 1.8 Shields
 * Level 6.9 Spellcasting
 + Level 1.9 Conjurations
 * Level 3.1 Necromancy
 + Level 3.1 Translocations
 * Level 0.2 Air Magic
 * Level 0.7 Poison Magic
 + Level 1.0 Invocations


You had 6 spell levels left.
You knew the following spells:

 Your Spells              Type           Power      Damage    Failure   Level
a - Magic Dart            Conj           56%        1d5       6%          1
b - Blink                 Tloc           38%        N/A       6%          2
d - Vampiric Draining     Necr           19%        2d7       12%         3
n - Ignite Poison         Fire/Tmut/Pois 7%         N/A       36%         3
p - Apportation           Tloc           38%        N/A       3%          1
v - Poisonous Vapours     Pois/Air       18%        N/A       17%         2

Your spell library contained the following spells:

 Spells                   Type           Power      Damage    Failure   Level
 Lesser Beckoning         Tloc           38%        N/A       6%          2
 Gell's Gravitas          Tloc           19%        N/A       12%         3
 Teleport Other           Tloc           19%        N/A       12%         3
 Spider Form              Tmut/Pois      8%         N/A       34%         3
 Cause Fear               Hex            3%         N/A       80%         4
 Summon Mana Viper        Hex/Summ       6%         N/A       98%         5


Dungeon Overview and Level Annotations

Branches:
Dungeon (5/15)
 Temple: D:4-7

Altars:
Dithmenos
Hepliaklqana
Okawaru
Qazlal
Trog
Vehumet
Zin
The Shining One

Shops:
D:2 =   D:4 (


Message History

Aim: an iguana (wandering, hasn't noticed you) Poisonous vapours surround the iguana!
The iguana is poisoned.
The iguana hisses angrily.
Casting: Poisonous Vapours (safe; 17% risk of failure)
Confirm with . or Enter, or press ? or * to list all spells.
Aiming: Poisonous Vapours (safe; 17% risk of failure)
Press: ? - help, Dir - move target, f/p - iguana
Aim: an iguana (lightly wounded, poisoned) Poisonous vapours surround the iguana!
The iguana looks even sicker.
Casting: Poisonous Vapours (safe; 17% risk of failure)
Confirm with . or Enter, or press ? or * to list all spells.
Aiming: Poisonous Vapours (safe; 17% risk of failure)
Press: ? - help, Dir - move target, f - hound, p - iguana
Aim: a hound (wandering, hasn't noticed you) Poisonous vapours surround the hound!
The hound is poisoned.
The hound barks!
Casting: Poisonous Vapours (safe; 17% risk of failure)
Confirm with . or Enter, or press ? or * to list all spells.
Aiming: Poisonous Vapours (safe; 17% risk of failure)
Press: ? - help, Dir - move target, f/p - hound
Aim: a hound (poisoned) Poisonous vapours surround the hound!
The hound looks even sicker.
Casting: Poisonous Vapours (safe; 17% risk of failure)
Confirm with . or Enter, or press ? or * to list all spells.
The spell is quite dangerous to miscast (36% risk of failure)!
Continue anyway?
You miscast Ignite Poison.
You are very lightly contaminated with residual magic.
You feel incredibly sick!
You are poisoned.
You feel sick.
The iguana bites you but does no damage.
Casting: Ignite Poison (quite dangerous; 36% risk of failure)
Confirm with . or Enter, or press ? or * to list all spells.
You don't know that spell.
The iguana attacks as you move away! The iguana closely misses you.
You feel sick. The iguana attacks as you move away! The iguana bites you!
You feel sick.
You feel sick. You block the hound's attack.
The iguana attacks as you move away! The iguana bites you!
You die...

#. .. #.# #.. #) #.. #..
.## ... ..# .. #.### #.#
###. #...# #.#
!..#####@####.#
#...#.lh...#.#
#..#..###.#.# ##.....#
#...#####
#......###...........
#....#..>...#.######.#.#
#............##.# #.#.#
#.#....#.###.##.# #.#.#
# ##.....# #.##.# #.#.#


You could see an iguana (poisoned) and a hound (very poisoned).

Vanquished Creatures
  A black bear (D:2)
  A scorpion (D:5)
  2 hounds
  2 iguanas
  8 gnolls
  5 adders
  3 dart slugs
  6 orcs
  4 endoplasms
  8 goblins
  4 hobgoblins
  A quokka (D:1)
  6 ball pythons
  4 bats
  4 frilled lizards
  5 kobolds
  A rat (D:2)
65 creatures vanquished.

Notes
Turn   | Place    | Note
-------+----------+-------------------------------------------
     0 | D:1      | Esekla the Deep Elf Wanderer began the quest for the Orb.
     0 | D:1      | Esekla set off with the following items: a +0 club, a
                  | potion of lignification, a +0 robe, a +0 buckler; and the
                  | following spells available to memorise: Apportation, Blink,
                  | Lesser Beckoning, Magic Dart, Ignite Poison, Vampiric
                  | Draining.
     0 | D:1      | Reached XP level 1. HP: 10/10 MP: 7/7
     2 | D:1      | Learned a level 1 spell: Magic Dart
     4 | D:1      | Learned a level 1 spell: Apportation
   259 | D:2      | Found Renulab's Jewellery Shop.
   484 | D:4      | Found a radiant altar of Vehumet.
   492 | D:4      | Found an iron altar of Okawaru.
   508 | D:4      | Found a glowing silver altar of Zin.
   590 | D:4      | Became a worshipper of Vehumet
   792 | D:3      | Reached XP level 2. HP: 15/15 MP: 7/9
   795 | D:3      | Learned a level 2 spell: Blink
   986 | D:3      | Identified the +5 rapier of the Hero {heavy, rN+ Dex+3}
  1021 | D:2      | Reached skill level 1 in Dodging
  1217 | D:1      | Reached skill level 1 in Necromancy
  1219 | D:1      | Reached XP level 3. HP: 12/19 MP: 9/11
  1221 | D:1      | Reached skill level 5 in Spellcasting
  1238 | D:1      | Learned a level 3 spell: Vampiric Draining
  1277 | D:1      | Reached * piety under Vehumet
  1277 | D:1      | Offered knowledge of Freeze by Vehumet.
  1583 | D:2      | Reached skill level 1 in Short Blades
  1583 | D:2      | Reached XP level 4. HP: 24/24 MP: 11/13
  1755 | D:2      | Noticed a black bear
  1823 | D:2      | Found a faded altar of an unknown god.
  1960 | D:2      | Killed a black bear
  1961 | D:2      | Reached XP level 5. HP: 13/28 MP: 9/15
  2243 | D:3      | Found a stormy altar of Qazlal.
  2251 | D:3      | Found a bloodstained altar of Trog.
  2269 | D:3      | Reached skill level 1 in Conjurations
  2304 | D:3      | Found a hazy altar of Hepliaklqana.
  2444 | D:4      | Found Ponaysk's Antique Weapon Boutique.
  2580 | D:4      | Found a glowing golden altar of the Shining One.
  2605 | D:4      | Reached skill level 6 in Spellcasting
  2605 | D:4      | Reached XP level 6. HP: 18/32 MP: 5/17
  2767 | D:4      | Reached ** piety under Vehumet
  2767 | D:4      | Offered knowledge of Poisonous Vapours by Vehumet.
  2779 | D:4      | Learned a level 2 spell: Poisonous Vapours
  2780 | D:5      | Entered Level 5 of the Dungeon
  2784 | D:5      | Got the Parchment of the Lumpy Olives
  2808 | D:5      | Found a shadowy altar of Dithmenos.
  3004 | D:5      | Learned a level 3 spell: Ignite Poison
  3081 | D:5      | Slain by an iguana

Illustrated notes

Levels and vault maps discovered:
D:1:      sevenhm_arrival_forest_fort_small_3, layout_rooms,
          chequers_serial_rivers_room_b, minmay_misc_feat_five
D:2:      layout_loops_ring, dreamdust_ecumenical_altar_angels_and_demons,
          serial_shops, shop
D:3:      layout_basic, grunt_temple_overflow_open, minmay_misc_feat_iff
D:4:      layout_basic, nicolae_overflow_quartered_altars, serial_shops,
          nicolae_diamond_shop
D:5:      layout_loops_ring, lemuel_doored_altar, minmay_misc_feat_rows,
          dreamdust_wishing_well

Skill      XL: |  1  2  3  4  5  6 |
---------------+-------------------+-----
Dodging        | 1 2 |  2.4
Necromancy     | 1 2 3 |  3.1
Spellcasting   | 5 6 |  6.9
Short Blades   | 1 |  1.9
Translocations | 3 |  3.1
Conjurations   | 1 |  1.9
Throwing       | |  0.4
Stealth        | |  1.6
Shields        | |  1.8
Air Magic      | |  0.2
Poison Magic   | |  0.7
Invocations    | |  1.0

Action                     |  1- 3 |  4- 6 || total
---------------------------+-------+-------++-------
  Melee: Short sword       |    26 |       ||    26
         Rapier            |    28 |    28 ||    56
         Dagger            |       |     2 ||     2
  Throw: Dart              |       |    13 ||    13
   Cast: Apportation       |    24 |    25 ||    49
         Magic Dart        |    42 |    21 ||    63
         Blink             |       |     3 ||     3
         Vampiric Draining |       |     9 ||     9
         Poisonous Vapours |       |     8 ||     8
         Ignite Poison     |       |     1 ||     1
    Use: Scroll            |     1 |       ||     1
         Potion            |       |     1 ||     1
   Stab: Sleeping          |     1 |     2 ||     3
 Armour: Robe              |    29 |     9 ||    38
  Dodge: Dodged            |    48 |    17 ||    65
  Block: Buckler           |    12 |    11 ||    23
